 Dungeon Crawl Stone Soup version 0.17-a0-1655-g88a8506 (webtiles) character file.

393 matakusis the Covert (level 6, -5/41 HPs)
             Began as a Vampire Enchanter on Aug 15, 2015.
             Slain by a river rat (7 damage)
             ... on level 3 of the Dungeon.
             The game lasted 00:16:23 (3800 turns).

matakusis the Covert (Vampire Enchanter)            Turns: 3800, Time: 00:16:24

Health: -5/41      AC:  4    Str:  7    XL:     6   Next: 51%
Magic:  10/10      EV: 14    Int: 15    God:
Gold:   157        SH:  0    Dex: 17    Spells: 2 memorised, 6 levels left

rFire  + . .     SeeInvis +     a - +1 dagger
rCold  + . .     Clarity  .     b - +1 robe
rNeg   . . .     SustAt   .     (no shield)
rPois  .         Gourm    .     (helmet restricted)
rElec  .         Spirit   .     (no cloak)
rCorr  .         Warding  .     k - +0 pair of gloves
rMut   .         Stasis   .     (no boots)
MR     .....                    (no amulet)
Stlth  ++++......               p - ring of flight
                                m - ring of protection from cold

@: regenerating quickly, not resistant to hostile enchantments, stealthy
A: fangs 3, horns 1, see invisible, breathe flames 1, dopey 1, fire resistance
1, unbreathing
a: Breathe Fire, Evoke Flight


You were on level 3 of the Dungeon.
You were full.

You visited 1 branch of the dungeon, and saw 3 of its levels.

You collected 157 gold pieces.

Inventory:

Hand weapons
 a - a +1 dagger (weapon)
Armour
 b - a +1 robe (worn)
 k - a +0 pair of gloves (worn)
Jewellery
 m - a ring of protection from cold (left hand)
 p - a ring of flight (right hand)
Magical devices
 e - a wand of teleportation (2)
Scrolls
 f - a scroll of remove curse
 i - a scroll of identify
Potions
 d - 8 potions of blood
 g - a potion of curing
 h - a potion of might {unknown}
 o - a potion of degeneration {unknown}
 q - a potion of invisibility {unknown}
 r - a potion of brilliance
Books
 c - a book of Maledictions

   Spells                             Type                      Level
   a - Corona                         Hexes                        1
   b - Ensorcelled Hibernation        Hexes/Ice                    2
   c - Confuse                        Hexes                        3
   d - Tukima's Dance                 Hexes                        3
   e - Dazzling Spray                 Conjuration/Hexes            3


   Skills:
 + Level 2.1 Short Blades
 + Level 3.6 Dodging
 * Level 8.0 Stealth
 + Level 2.7 Spellcasting
 * Level 6.6 Hexes


You had 6 spell levels left.
You knew the following spells:

 Your Spells              Type           Power        Failure   Level  Hunger
a - Corona                Hex            ###....      1%          1    #......
b - Confuse               Hex            ###.....     4%          3    ###....


Dungeon Overview and Level Annotations

Branches:
Dungeon (3/15)

Altars:


Innate Abilities, Weirdness & Mutations

Your natural rate of healing is unusually fast.
You have razor-sharp teeth.
You have supernaturally acute eyesight.
You can survive without breathing.
You have a pair of small horns on your head.
You can breathe flames.
You are dopey. (Int -2)
Your flesh is heat resistant.


Message History

You hit the river rat but do no damage.
The river rat is lightly wounded.
The river rat bites you.
* * * LOW HITPOINT WARNING * * *
You barely miss the river rat.
The river rat is lightly wounded.
You hit the river rat but do no damage.
The river rat is lightly wounded.
The river rat bites you.
* * * LOW HITPOINT WARNING * * *
You closely miss the river rat.
You headbutt the river rat, but do no damage.
Your bite misses the river rat.
The river rat is lightly wounded.
The river rat barely misses you.
You hit the river rat.
You headbutt the river rat, but do no damage.
The river rat is moderately wounded.
The river rat bites you!
You die...

####### #.≈≈≈.#
##.≈≈≈≈#
#...≈≈≈#
#...†≈≈#
#..@r†≈#
##.###### #†)#
###### ##†##
##....#####..#
##...........##
##......######
##......#
.)......#


You could see a river rat.

Vanquished Creatures
  A sky beast (D:3)
  An orc priest (D:3)
  Ijyb (D:3)
  Terence (D:3)
  4 gnolls (D:3)
  A river rat (D:3)
  7 adders
  2 worms (D:2)
  2 giant geckos (D:2)
  10 orcs (D:3)
  4 ball pythons
  3 giant cockroaches
  12 goblins
  4 hobgoblins
  11 jackals
  8 kobolds
  2 quokkas
  6 bats
  6 giant newts
  12 rats
98 creatures vanquished.

Notes
Turn   | Place    | Note
--------------------------------------------------------------
     0 | D:1      | matakusis the Vampire Enchanter began the quest for the Orb.
     0 | D:1      | Reached XP level 1. HP: 13/13 MP: 3/3
   173 | D:1      | Reached XP level 2. HP: 14/19 MP: 5/5
   189 | D:1      | Reached skill level 5 in Hexes
   648 | D:1      | Reached skill level 5 in Stealth
  1360 | D:1      | Reached XP level 3. HP: 24/24 MP: 6/6
  1894 | D:2      | Learned a level 3 spell: Confuse
  2090 | D:2      | Reached skill level 6 in Stealth
  2090 | D:2      | Reached XP level 4. HP: 18/30 MP: 0/7
  2768 | D:2      | Gained mutation: You are clumsy. (Dex -2) [potion of mutation]
  2768 | D:2      | Gained mutation: Your flesh is heat resistant. [potion of mutation]
  2768 | D:2      | Lost mutation: You are clumsy. (Dex -2) [potion of mutation]
  2769 | D:2      | Gained mutation: You are dopey. (Int -2) [potion of mutation]
  2769 | D:2      | Gained mutation: You can breathe flames. [potion of mutation]
  2769 | D:2      | Gained mutation: You have a pair of small horns on your head. [potion of mutation]
  2821 | D:3      | Noticed Terence
  2863 | D:3      | Noticed a sky beast
  2917 | D:3      | Killed a sky beast
  2917 | D:3      | Reached skill level 7 in Stealth
  2917 | D:3      | Reached XP level 5. HP: 35/35 MP: 0/8
  3096 | D:3      | Killed Terence
  3183 | D:3      | Noticed Ijyb
  3209 | D:3      | Killed Ijyb
  3209 | D:3      | Reached XP level 6. HP: 36/41 MP: 7/9
  3517 | D:3      | Reached skill level 8 in Stealth
  3796 | D:3      | HP: 2/41 [river rat (1)]
  3800 | D:3      | Slain by a river rat

Vault maps used:
D:1:      minmay_arrival_split_and_join
D:2:      st_stairs_5
D:3:      first_bread, portal_sewer_entry_b, uniq_iyjb, uniq_terence

Action                   |  1- 3 |  4- 6 || total
-------------------------+-------+-------++-------
Melee: Dagger            |   106 |   311 ||   417
 Cast: Confuse           |     3 |    14 ||    17
  Use: Scroll            |       |     9 ||     9
       Potion            |       |     4 ||     4
 Stab: Sleeping          |    17 |     8 ||    25
       Distracted        |     1 |     1 ||     2
       Confused          |     1 |     6 ||     7
  Eat: Corpse            |     6 |    13 ||    19
